 Dungeon Crawl Stone Soup version 0.30-a0-125-g51eefa89be (webtiles) character file.

Game seed: 2478878608429605325

239 funkygono the Magician (level 5, -6/35 HPs)
             Began as a Demonspawn Fire Elementalist on Sept 18, 2022.
             Killed by divine providence
             ... invoked by an orc priest
              (14 damage)
             ... on level 4 of the Dungeon.
             The game lasted 00:05:45 (3524 turns).

funkygono the Magician (DsFE)                       Turns: 3524, Time: 00:05:46

Health: -6/35      AC:  2    Str:  9    XL:     5   Next: 79%
Magic:  6/11       EV: 12    Int: 18    God:
Gold:   212        SH:  0    Dex: 19    Spells: 2/12 levels left

rFire   . . .      SeeInvis .    u - +0 falchion
rCold   . . .      Faith    .    (no shield)
rNeg    . . .      Spirit   .    a - +0 robe
rPois   .          Reflect  .    (helmet restricted)
rElec   .          Harm     .    (no cloak)
rCorr   .          Rampage  .    (no gloves)
Will    .....                    (no boots)
Stlth   ++........               (no amulet)
HPRegen 0.11/turn                w - +6 ring of dexterity
MPRegen 0.12/turn                (no ring)

@: no status effects
A: horns 1, demonic magic 2
a: no special abilities


You were on level 4 of the Dungeon.
You visited 1 branch of the dungeon, and saw 4 of its levels.

You collected 212 gold pieces.

Inventory:

Hand Weapons
 f - a +0 dagger
 u - a +0 falchion (weapon)
 x - a +2 falchion of distortion
Armour
 a - a +0 robe (worn)
Jewellery
 s - an amulet of faith
 w - a +6 ring of dexterity (left hand)
 y - a ring of protection from fire
Scrolls
 g - 3 scrolls of identify {unknown}
 h - 4 scrolls of teleportation {unknown}
 k - a scroll of magic mapping {unknown}
 n - 3 scrolls of vulnerability {unknown}
 o - a scroll of immolation {unknown}
 p - 3 scrolls of amnesia {unknown}
 q - a scroll of butterflies {unknown}
 r - 2 scrolls of silence {unknown}
 v - a scroll of blinking {unknown}
Potions
 b - 2 potions of magic
 c - a potion of degeneration {unknown}
 d - a potion of heal wounds {unknown}
 e - a potion of flight {unknown}
 i - a potion of might {unknown}
 j - a potion of lignification {unknown}
 l - a potion of attraction {unknown}
 m - 2 potions of curing {unknown}
 t - a potion of brilliance {unknown}
 z - a potion of ambrosia {unknown}


   Skills:
 + Level 0.2 Fighting
 + Level 2.1 Dodging
 - Level 1.7 Stealth
 + Level 4.1 Spellcasting
 + Level 2.3 Conjurations
 + Level 4.0 Fire Magic


You had 2 spell levels left.
You knew the following spells:

 Your Spells              Type           Power      Damage    Failure   Level
a - Foxfire               Conj/Fire      60%        2x1d7     4%          1
b - Scorch                Fire           36%        2d7       4%          2
c - Kindle Blastsparks    Fire/Tloc/Air  16%        2d11      26%         3
d - Flame Wave            Conj/Fire      15%        2d7       36%         4

Your spell library contained the following spells:

 Spells                   Type           Power      Damage    Failure   Level
 Inner Flame              Hex/Fire       10%        N/A       19%         3
 Conjure Ball Lightning   Conj/Air       3%         3x3d6     100%        6
 Discord                  Hex            1%         N/A       100%        8
 Disjunction              Tloc           1%         N/A       100%        8


Dungeon Overview and Level Annotations

Branches:
Dungeon (4/15)
 Temple: D:4-7

Altars:
Fedhas
Trog


Innate Abilities, Weirdness & Mutations

You have a pair of small horns on your head.
Spells you cast may paralyse nearby enemies.


Message History

You conjure some foxfire!
Malevolent energies surge around you.
The foxfire hits the orc.
The orc is moderately wounded.
The foxfire hits the orc.
The orc is severely wounded.
Your foxfire dissipates!
Casting: Foxfire (safe; 4% risk of failure)
Confirm with . or Enter, or press ? or * to list all spells.
You conjure some foxfire!
Malevolent energies surge around you.
The foxfire hits the orc.
The orc is almost dead.
The foxfire hits the orc.
You kill the orc!
Casting: Foxfire (safe; 4% risk of failure)
Confirm with . or Enter, or press ? or * to list all spells.
You conjure some foxfire!
Malevolent energies surge around you.
The foxfire hits the orc but does no damage. x2
An orc priest comes into view. It is wielding a +0 short sword.
The orc priest invokes the aid of Beogh against you.
Beogh smites you!
The foxfire hits the orc.
The orc is severely wounded.
The orc priest shouts!
Casting: Foxfire (safe; 4% risk of failure)
Confirm with . or Enter, or press ? or * to list all spells.
You conjure some foxfire!
Malevolent energies surge around you.
The foxfire hits the orc.
You kill the orc!
The orc priest calls down the wrath of Beogh upon you.
Beogh smites you!
* * * LOW HITPOINT WARNING * * *
The orc priest casts a cantrip, but nothing happens.
Your foxfire dissipates!
The foxfire hits the orc priest.
The orc priest is moderately wounded.
The orc priest begins to cast a cantrip, but forgets the words!
There is an open door here.
You close the door.
The orc priest invokes the aid of Beogh against you.
Beogh smites you!
You die...

#..................# ......
#..............)...#
......############'##########
#..........# #.............#
#..........# #.............#
#..........# #.............#
#..........####...).........#
# #............)...#########
# #............@...+..o....#
# #...........†....#.......#
####................#'###o###
....#######'#######.o..##)#
....#.........# #....#.§#
....#.........# #....#.v+
....######..#######....#..#
....#..###..#.........##..#
....+...+...#.........#....


You could see an orc priest.

Vanquished Creatures
  A necrophage (D:4)
  2 orc priests (D:4)
  4 adders
  2 worms
  3 dart slugs
  14 orcs
  2 endoplasms
  2 giant cockroaches
  6 goblins
  2 hobgoblins
  2 jackals (D:1)
  2 quokkas
  4 ball pythons
  9 bats
  A frilled lizard (D:1)
  6 kobolds
  6 rats
68 creatures vanquished.

Vanquished Creatures (others)
  200 foxfires
200 creatures vanquished.

Grand Total: 268 creatures vanquished

Notes
Turn   | Place    | Note
-------+----------+-------------------------------------------
     0 | D:1      | funkygono the Demonspawn Fire Elementalist began the quest
                  | for the Orb.
     0 | D:1      | Reached XP level 1. HP: 13/13 MP: 3/3
   266 | D:1      | Gained mutation: Spells you cast may paralyse adjacent
                  | enemies. [demonic ancestry]
   266 | D:1      | Reached XP level 2. HP: 19/19 MP: 3/5
   269 | D:1      | Learned a level 2 spell: Scorch
   960 | D:1      | Found a faded altar of an unknown god.
  1405 | D:2      | Gained mutation: You have a pair of small horns on your
                  | head. [demonic ancestry]
  1405 | D:2      | Reached XP level 3. HP: 24/24 MP: 1/6
  1409 | D:2      | Learned a level 3 spell: Kindle Blastsparks
  2382 | D:3      | Reached XP level 4. HP: 30/30 MP: 0/8
  2644 | D:3      | Found a bloodstained altar of Trog.
  2647 | D:3      | Found a blossoming altar of Fedhas.
  2997 | D:4      | Gained mutation: Spells you cast may paralyse nearby
                  | enemies. [demonic ancestry]
  2997 | D:4      | Reached XP level 5. HP: 27/35 MP: 1/10
  3427 | D:4      | Learned a level 4 spell: Flame Wave
  3524 | D:4      | Killed from afar by an orc priest

Illustrated notes

Levels and vault maps discovered:
D:1:      roderic_crossed_star, layout_rooms, basic_ecumenical_altar
D:2:      layout_loops_ring
D:3:      layout_basic, nicolae_overflow_squiral, minmay_crystal_room,
          kennysheep_generic_room_7
D:4:      layout_gridville

Skill      XL: |  1  2  3  4  5 |
---------------+----------------+-----
Fire Magic     | 3 4 |  4.0
Dodging        | 2 |  2.1
Spellcasting   | 3 4 |  4.1
Conjurations   | 2 |  2.3
Fighting       | |  0.2
Stealth        | |  1.7

Action                   |  1- 3 |  4- 6 || total
-------------------------+-------+-------++-------
Melee: Unarmed           |    11 |       ||    11
       Dagger            |    10 |       ||    10
       Falchion          |       |     4 ||     4
 Cast: Foxfire           |    76 |    41 ||   117
       Scorch            |     8 |     2 ||    10
 Stab: Paralysed         |     2 |       ||     2
Armor: Robe              |    14 |       ||    14
Dodge: Dodged            |    29 |       ||    29

Table legend: (Time is in decaauts)
 A = Elapsed time spent in this place.
 B = Non-inter-level travel time spent in this place.
 C = Inter-level travel time spent in this place.
 D = Time resting spent in this place.
 E = Time spent auto-exploring this place.
 F = Levels seen in this place.
 G = Mean time per level.
                   A        B        C        D        E       F      G
               +--------+--------+--------+--------+--------+-----+--------+
         Total |   3526 |   3446 |     80 |    200 |   2679 |   4 |  881.5 |
       Dungeon |   3526 |   3446 |     80 |    200 |   2679 |   4 |  881.5 |
               +--------+--------+--------+--------+--------+-----+--------+

Top non-repeatable levels by time:
     D:1: 1251 daAuts
     D:2: 893 daAuts
     D:3: 698 daAuts
     D:4: 683 daAuts
